AoeStats
← Sanzana1

Lombardia

509141963Analyzed
2v2 RM · 7d ago on Sep 25, 2026· 20m 25s· 4 players
Game mode
Random Map
Map size
Medium (4 player)
Population
200
Speed
Normal
Resources
Standard
Victory
Conquest
Starting age
Dark Age
Ending age
Imperial Age
RankedLock teamsTeams togetherTeam positionsShared explorationLock speedFull tech treeHidden civsTurbo modeCheats
Victory
Defeat
🇧🇬 Goths · Bulgaria
638
+18
🇺🇸 Romans · United States
613
+19
🇨🇱 Goths · Chile
708
-20
🇨🇱 Britons · Chile
633
-17
INTER6636
0:37 Loom
13:17 Feudal Age
20:05 Castle Age
18:39 Horse Collar
19:18 Double-Bit Axe
krico
11:58 Feudal Age
12:10 Man-at-Arms
15:11 Forging
15:02 Scale Mail Armor
Sanzana1
10:22 Feudal Age
10:44 Horse Collar
10:55 Double-Bit Axe
11:48 Wheelbarrow
12:15 Gold Mining
15:31 Stone Mining
16:07 Loom
21:48 Castle Age
Seba013009
8:23 Loom
13:45 Feudal Age
14:21 Double-Bit Axe
18:56 Man-at-Arms
Connection lost

Rejoining the realm…

Still unreachable

The connection could not be restored.

Session expired

The server has moved on; the page needs a fresh start.